Map: Terraform LE (Void)

Players

TomikuS - Winner!

  • Race: Zerg Zerg
  • League: Grandmaster

EZWarlordz

  • Race: Protoss Protoss
  • League: Master

Event: Lycan League Weekly August #2

VOD

Have the link to the VOD?

Description

Time

  • Played on: Aug. 10, 2015, 12:32 p.m.
  • Length: 7:53

All games in this series

Show
View Real Time Build Order
Export as new Build Order

TomikuS Zerg - Winner!

Build Orders: Pool First 

Get SALT Encoding   

  12  0:01  Drone  
  13  0:13  Overlord  
  13  0:20  Drone  
  14  0:32  Drone x2  
  16  0:44  Spawning Pool  
  16  0:47  Drone  
  16  0:51  Drone  
  17  1:10  Overlord  
  17  1:11  Drone  
  18  1:26  Hatchery  
  18  1:31  Zergling x2  
  18  1:32  Zergling x2  
  19  1:41  Zergling x2  
  19  1:45  Queen  
  22  1:51  Zergling x2  
  23  2:04  Extractor  
  22  2:11  Drone  
  23  2:20  Queen  
  25  2:32  Hatchery  
  25  2:36  Drone x2  
  26  2:38  Drone  
  27  2:48  Overlord  
  27  2:54  Drone  
  27  2:55  Drone  
  29  3:05  Metabolic Boost  
  29  3:08  Drone  
  30  3:18  Drone x3  
  33  3:31  Drone x2  
  33  3:32  Drone x5  
  38  3:42  Queen  
  38  3:46  Drone x3  
  38  3:47  Drone  
  44  3:50  Overlord  
  44  4:01  Extractor  
  42  4:08  Overlord x2  
  42  4:09  Drone x3  
  45  4:11  Queen  
  45  4:16  Lair  
  47  4:25  Drone x8  
  47  4:27  Drone  
  56  4:36  Spore Crawler  
  56  4:38  Spore Crawler x2  
  52  4:43  Extractor  
  52  4:44  Drone x6, Extractor  
  52  4:45  Drone  
  57  4:55  Overlord  
  57  4:58  Drone x2  
  57  4:59  Zergling x8  
  63  5:07  Overlord  
  63  5:11  Zergling x2  
  63  5:12  Zergling x16  
  72  5:17  Hydralisk Den  
  72  5:21  Overlord  
  71  5:22  Overlord  
  71  5:32  Drone x4  
  71  5:33  Drone x3  
  78  5:37  Overlord  
  78  5:45  Overlord x2  
  78  5:48  Hydralisk  
  78  5:49  Hydralisk x3, Muscular Augments  
  86  5:55  Hydralisk  
  86  5:56  Hydralisk x2  
  92  6:01  Hydralisk x2  
  96  6:14  Hydralisk x3  
  101  6:20  Hydralisk x2  
  101  6:23  Drone x3, Extractor  
  101  6:24  Overlord  
  107  6:28  Hydralisk x2  
  107  6:32  Hatchery  
  110  6:34  Hydralisk  
  110  6:35  Zergling x8  
  116  6:44  Hydralisk x2  
  116  6:45  Zergling x2  
  116  6:46  Zergling x8  
  125  6:54  Hydralisk x2  
  125  6:55  Evolution Chamber, Zergling x2  
  125  6:56  Overlord  
  125  7:18  Hydralisk  
  125  7:19  Hydralisk x5  
  125  7:21  Overlord x4  
Show
View Real Time Build Order
Export as new Build Order

EZWarlordz Protoss 

Build Orders: 1 Gate Expand, Forge Fast Expand (FFE) 

Get SALT Encoding   

  12  0:01  Probe  
  13  0:17  Pylon  
  13  0:19  Probe  
  14  0:35  Probe (Chrono Boost)  
  15  0:42  Gateway  
  15  0:44  Probe (Chrono Boost)  
  16  0:52  Probe  
  17  0:58  Forge  
  17  1:04  Probe (Chrono Boost)  
  18  1:15  Probe (Chrono Boost)  
  19  1:30  Nexus  
  19  1:37  Pylon  
  19  1:46  Zealot (Chrono Boost)  
  21  1:53  Pylon  
  21  2:09  Photon Cannon  
  21  2:15  Photon Cannon  
  20  2:22  Cybernetics Core, Assimilator  
  20  2:25  Assimilator  
  20  2:37  Probe (Chrono Boost)  
  21  2:47  Probe (Chrono Boost)  
  23  2:51  Probe (Chrono Boost)  
  23  2:53  Zealot (Chrono Boost)  
  23  2:54  Probe  
  26  3:02  Probe  
  27  3:07  Gateway  
  27  3:08  Probe (Chrono Boost)  
  28  3:14  Mothership Core (Chrono Boost)  
  30  3:25  Probe (Chrono Boost)  
  30  3:26  Warp Gate (Chrono Boost)  
  31  3:28  Probe (Chrono Boost)  
  32  3:42  Probe x2  
  34  3:51  Assimilator  
  34  3:52  Assimilator  
  34  3:53  Stargate  
  34  3:59  Probe (Chrono Boost)  
  36  4:05  Probe (Chrono Boost)  
  36  4:06  Stalker  
  36  4:09  Probe (Chrono Boost)  
  39  4:11  Pylon  
  39  4:17  Pylon  
  39  4:39  Void Ray (Chrono Boost), Photon Cannon  
  39  4:41  Probe x2  
  45  4:53  Probe (Chrono Boost)  
  45  4:55  Probe (Chrono Boost), Stargate  
  47  5:05  Probe (Chrono Boost)  
  49  5:10  Probe (Chrono Boost)  
  49  5:12  Pylon  
  49  5:13  Probe (Chrono Boost)  
  50  5:14  Protoss Ground Weapons Level 1 (Chrono Boost)  
  50  5:17  Probe  
  50  5:21  Void Ray (Chrono Boost)  
  55  5:22  Probe  
  56  5:36  Gateway  
  56  5:37  Gateway  
  56  5:44  Void Ray (Chrono Boost)  
  60  5:51  Gateway  
  60  5:56  Gateway  
  64  6:11  Gateway  
  64  6:14  Void Ray (Chrono Boost)  
  64  6:29  Adept x2  
  68  6:40  Pylon  
  68  6:46  Probe, Pylon  
  68  6:48  Pylon  
  68  6:49  Pylon  
  68  6:57  Void Ray (Chrono Boost)  
  68  6:59  Sentry x2  
  76  7:07  Pylon  
  71  7:18  Adept x5  
  73  7:27  Sentry x2  
  63  7:43  Adept x5  

Tags
 
Add a new tag
Caveats
  • Supply blocks, unpowered buildings, or Contaminate may cause inaccurate times.
  • Supply counts are checked every 10 seconds.